3A
MANCELONA TORCH @ DELAWARE 1787 BC
07/25/2027
 
TOP OF THE 1ST
Mancelona Torch batting - Pitching for Delaware 1787 BC : RHP Lincoln Spooner
Pitching: RHP Lincoln Spooner
Batting: RHB José Córdova 0-0: Ball
1-0: Ball
2-0: Ball
3-0: Base on Balls
Batting: RHB Alex Vaske 0-0: Ball
1-0: Called Strike
1-1: Ball
2-1: Foul Ball, location: 2F
2-2: Strikes out swinging
Batting: RHB Blake Snow 0-0: Ball
1-0: Ground out 5-3 (Groundball, 5S)
José Córdova to second
Batting: RHB Ratko Ralevic 0-0: Fly out, F8 (Flyball, 8LM)
Top of the 1st over - 0 run(s), 0 hit(s), 0 error(s), 1 left on base; Mancelona 0 - Delaware 0
BOTTOM OF THE 1ST
Delaware 1787 BC batting - Pitching for Mancelona Torch : RHP Zafar Zahir
Pitching: RHP Zafar Zahir
Batting: RHB David Wooderson 0-0: SINGLE (Line Drive, 8LS)
Batting: RHB José Rodríguez 0-0: Ball
1-0: Ball
2-0: Grounds into double play, 6-4-3 (Groundball, 6)
Batting: LHB Juan Ledezma 0-0: Called Strike
0-1: Ball
1-1: Ground out 4-3 (Groundball, 4)
Bottom of the 1st over - 0 run(s), 1 hit(s), 0 error(s), 0 left on base; Mancelona 0 - Delaware 0
TOP OF THE 2ND
Mancelona Torch batting - Pitching for Delaware 1787 BC : RHP Lincoln Spooner
Batting: LHB Badry Maksimenov 0-0: Ball
1-0: Ball
2-0: Ball
3-0: Called Strike
3-1: Foul Ball, location: 2F
3-2: Base on Balls
Batting: RHB Kyle Vandenbrink 0-0: Ball
1-0: Called Strike
1-1: Foul Ball, location: 2F
1-2: Reaches on Catchers interference
Badry Maksimenov to second
Batting: SHB Jim Unknown 0-0: Foul Ball, location: 2F
0-1: Called Strike
0-2: Fly out, F8 (Flyball, 8RS)
Batting: LHB Jim Halpert 0-0: Swinging Strike
0-1: Ball
1-1: Foul Ball, location: 2F
1-2: Strikes out swinging
Batting: RHB Burt Babbs 0-0: Foul Ball, location: 2F
0-1: Foul Ball, location: 2F
0-2: Ball
1-2: Fly out, F7 (Flyball, 78S)
Top of the 2nd over - 0 run(s), 0 hit(s), 1 error(s), 2 left on base; Mancelona 0 - Delaware 0
BOTTOM OF THE 2ND
Delaware 1787 BC batting - Pitching for Mancelona Torch : RHP Zafar Zahir
Batting: RHB Phil Moore 0-0: Called Strike
0-1: Ground out U3 (Groundball, 34)
Batting: RHB Randy Sheffield 0-0: Foul Ball, location: 2F
0-1: Ball
1-1: Ground out 5-3 (Groundball, 56)
Batting: RHB John Willoughby 0-0: Called Strike
0-1: Called Strike
0-2: Ball
1-2: Fly out, F6 (Line Drive, 6)
Bottom of the 2nd over - 0 run(s), 0 hit(s), 0 error(s), 0 left on base; Mancelona 0 - Delaware 0
TOP OF THE 3RD
Mancelona Torch batting - Pitching for Delaware 1787 BC : RHP Lincoln Spooner
Batting: RHB José Córdova 0-0: Foul Ball, location: 2F
0-1: Ball
1-1: Ground out 5-3 (Groundball, 56S)
Batting: RHB Alex Vaske 0-0: Foul Ball, location: 2F
0-1: Ball
1-1: Swinging Strike
1-2: Fly out, F8 (Flyball, 8LM)
Batting: RHB Blake Snow 0-0: Called Strike
0-1: Ball
1-1: Ball
2-1: Swinging Strike
2-2: Strikes out looking
Top of the 3rd over - 0 run(s), 0 hit(s), 0 error(s), 0 left on base; Mancelona 0 - Delaware 0
BOTTOM OF THE 3RD
Delaware 1787 BC batting - Pitching for Mancelona Torch : RHP Zafar Zahir
Batting: SHB Chris Hansen 0-0: Ball
1-0: Foul Ball, location: 2F
1-1: Ball
2-1: Called Strike
2-2: Foul Ball, location: 2F
2-2: Fly out, F6 (Flyball, 6MD)
Batting: LHB Donovan Inman 0-0: Ball
1-0: Called Strike
1-1: Ground out 4-3 (Groundball, 4)
Batting: RHB Toyozo Yamasaki 0-0: Ball
1-0: Called Strike
1-1: Called Strike
1-2: Foul Ball, location: 2F
1-2: Ball
2-2: Ball
3-2: SINGLE (Groundball, 4MD)
Batting: RHB David Wooderson 0-0: Ball
1-0: Called Strike
1-1: Ball
2-1: Ball
3-1: Fielders Choice at 2nd, 6-4 (Groundball, 56)
Bottom of the 3rd over - 0 run(s), 1 hit(s), 0 error(s), 0 left on base; Mancelona 0 - Delaware 0
TOP OF THE 4TH
Mancelona Torch batting - Pitching for Delaware 1787 BC : RHP Lincoln Spooner
Batting: RHB Ratko Ralevic 0-0: SINGLE (Groundball, 4MD)
Batting: LHB Badry Maksimenov 0-0: Swinging Strike
0-1: Called Strike
0-2: Foul Ball, location: 2F
0-2: Strikes out swinging
Batting: RHB Kyle Vandenbrink 0-0: Foul Ball, location: 2F
0-1: SINGLE (Flyball, 78S)
Ratko Ralevic to second
Batting: SHB Jim Unknown 0-0: Ball
1-0: Swinging Strike
1-1: Ball
2-1: Grounds into double play, 4-6-3 (Groundball, 4D)
Top of the 4th over - 0 run(s), 2 hit(s), 0 error(s), 1 left on base; Mancelona 0 - Delaware 0
BOTTOM OF THE 4TH
Delaware 1787 BC batting - Pitching for Mancelona Torch : RHP Zafar Zahir
Batting: RHB José Rodríguez 0-0: Called Strike
0-1: Called Strike
0-2: Ball
1-2: Ball
2-2: Ball
3-2: Foul Ball, location: 2F
3-2: Foul Ball, location: 2F
3-2: Foul Ball, location: 2F
3-2: Base on Balls
Batting: LHB Juan Ledezma 0-0: Foul Ball, location: 2F
0-1: Ball
1-1: Called Strike
1-2: Fielders Choice at 2nd, 3-6 (Groundball, 34)
Batting: RHB Phil Moore 0-0: Called Strike
0-1: Called Strike
Juan Ledezma steals 2nd base
0-2: 2-RUN HOME RUN (Flyball, 89XD), Distance : 391 ft
Batting: RHB Randy Sheffield 0-0: Hit by Pitch
Batting: RHB John Willoughby 0-0: Called Strike
0-1: Swinging Strike
0-2: Ball
1-2: Fly out, F5 (Line Drive, 56)
Batting: SHB Chris Hansen 0-0: Ball
1-0: Ball
2-0: SINGLE (Groundball, 4MD)
Randy Sheffield to second
Runner from 2nd tries for 3rd, OUT!
Bottom of the 4th over - 2 run(s), 2 hit(s), 0 error(s), 1 left on base; Mancelona 0 - Delaware 2
TOP OF THE 5TH
Mancelona Torch batting - Pitching for Delaware 1787 BC : RHP Lincoln Spooner
Batting: LHB Jim Halpert 0-0: Foul Ball, location: 2F
0-1: Foul Ball, location: 2F
0-2: Ball
1-2: Ball
2-2: Fly out, F7 (Flyball, 7S)
Batting: RHB Burt Babbs 0-0: Swinging Strike
0-1: Called Strike
0-2: Ball
1-2: Ball
2-2: Strikes out swinging
Batting: RHB José Córdova 0-0: Ball
1-0: Ball
2-0: Ball
3-0: Called Strike
3-1: Base on Balls
Batting: RHB Alex Vaske 0-0: Ball
1-0: DOUBLE (Line Drive, 7LM)
José Córdova to third
Runner from 3rd tries for Home, SAFE, no throw
Batting: RHB Blake Snow 0-0: Ball
1-0: Ball
2-0: DOUBLE (Line Drive, 7LD)
Alex Vaske scores
Batting: RHB Ratko Ralevic 0-0: Ground out 5-3 (Groundball, 56S)
Top of the 5th over - 2 run(s), 2 hit(s), 0 error(s), 1 left on base; Mancelona 2 - Delaware 2
BOTTOM OF THE 5TH
Delaware 1787 BC batting - Pitching for Mancelona Torch : RHP Zafar Zahir
Batting: LHB Donovan Inman 0-0: Foul Ball, location: 2F
0-1: Ball
1-1: Fly out, F8 (Flyball, 78M)
Batting: RHB Toyozo Yamasaki 0-0: Swinging Strike
0-1: Ball
1-1: Ball
2-1: Ground out 5-3 (Groundball, 5S)
Batting: RHB David Wooderson 0-0: Swinging Strike
0-1: Ball
1-1: DOUBLE (Flyball, 9LM)
Batting: RHB José Rodríguez 0-0: Ball
1-0: Foul Ball, location: 2F
1-1: Ball
2-1: Foul Ball, location: 2F
2-2: Ball
3-2: Fly out, F8 (Line Drive, 8RD)
Bottom of the 5th over - 0 run(s), 1 hit(s), 0 error(s), 1 left on base; Mancelona 2 - Delaware 2
TOP OF THE 6TH
Mancelona Torch batting - Pitching for Delaware 1787 BC : RHP Lincoln Spooner
Batting: LHB Badry Maksimenov 0-0: Ground out 4-3 (Groundball, 34D)
Batting: RHB Kyle Vandenbrink 0-0: Foul Ball, location: 2F
0-1: Foul Ball, location: 2F
0-2: Ball
1-2: Foul Ball, location: 2F
1-2: Ball
2-2: Ball
3-2: Strikes out swinging
Batting: SHB Jim Unknown 0-0: Called Strike
0-1: Swinging Strike
0-2: TRIPLE (Flyball, 8RD)
Batting: LHB Jim Halpert 0-0: Foul Ball, location: 2F
0-1: Called Strike
0-2: Ball
1-2: Strikes out swinging
Top of the 6th over - 0 run(s), 1 hit(s), 0 error(s), 1 left on base; Mancelona 2 - Delaware 2
BOTTOM OF THE 6TH
Delaware 1787 BC batting - Pitching for Mancelona Torch : RHP Zafar Zahir
Batting: LHB Juan Ledezma 0-0: Ball
1-0: Called Strike
1-1: SINGLE (Line Drive, 7S)
Pitching: RHP Tomás Vargas
Batting: RHB Phil Moore 0-0: Ball
1-0: Called Strike
1-1: Swinging Strike
1-2: Foul Ball, location: 2F
1-2: Strikes out swinging
Batting: RHB Randy Sheffield 0-0: Grounds into double play, 1-4-3 (Groundball, 15)
Bottom of the 6th over - 0 run(s), 1 hit(s), 0 error(s), 0 left on base; Mancelona 2 - Delaware 2
TOP OF THE 7TH
Mancelona Torch batting - Pitching for Delaware 1787 BC : RHP Lincoln Spooner
Batting: RHB Burt Babbs 0-0: Called Strike
0-1: Ball
1-1: Ground out 6-3 (Groundball, 6)
Batting: RHB José Córdova 0-0: Ball
1-0: Ball
2-0: Ball
3-0: Called Strike
3-1: Base on Balls
Pinch Hitting: LHB Yataro Matsuura 0-0: Ball
1-0: Foul Ball, location: 2F
1-1: Ball
2-1: Swinging Strike
2-2: Strikes out looking
Batting: RHB Blake Snow 0-0: Ball
1-0: Called Strike
1-1: SINGLE (Groundball, 56) (infield hit)
José Córdova to second
Batting: RHB Ratko Ralevic 0-0: Called Strike
0-1: Ball
1-1: Ball
2-1: Ball
3-1: Called Strike
3-2: Foul Ball, location: 2F
3-2: Strikes out swinging
Top of the 7th over - 0 run(s), 1 hit(s), 0 error(s), 2 left on base; Mancelona 2 - Delaware 2
BOTTOM OF THE 7TH
Delaware 1787 BC batting - Pitching for Mancelona Torch : RHP Tomás Vargas
Now at 1B: Yataro Matsuura
Batting: RHB John Willoughby 0-0: Ball
1-0: Ball
2-0: Called Strike
2-1: Foul Ball, location: 2F
2-2: Ground out 6-3 (Groundball, 6)
Pinch Hitting: RHB Dam Son 0-0: Ball
1-0: Foul Ball, location: 2F
1-1: Ball
2-1: Called Strike
2-2: Strikes out swinging
Pinch Hitting: RHB Alejandro Sánchez 0-0: Called Strike
0-1: Foul Ball, location: 2F
0-2: Strikes out looking
Bottom of the 7th over - 0 run(s), 0 hit(s), 0 error(s), 0 left on base; Mancelona 2 - Delaware 2
TOP OF THE 8TH
Mancelona Torch batting - Pitching for Delaware 1787 BC : RHP Lincoln Spooner
Pitching: RHP Rudy Byrd
Now at 1B: Dam Son
Now at 3B: Alejandro Sánchez
Pinch Hitting: LHB Jorge Morín 0-0: Foul Ball, location: 2F
0-1: Foul Ball, location: 2F
0-2: Ball
1-2: Ball
2-2: Foul Ball, location: 2F
2-2: Strikes out looking
Batting: RHB Kyle Vandenbrink 0-0: Ball
1-0: Ball
2-0: Called Strike
2-1: Ball
3-1: Base on Balls
Batting: SHB Jim Unknown Pickoff Throw to First - Error! E1
Kyle Vandenbrink to second
0-0: Called Strike
0-1: Foul Ball, location: 2F
0-2: Ball
1-2: Strikes out swinging
Batting: LHB Jim Halpert 0-0: Swinging Strike
0-1: Foul Ball, location: 2F
0-2: Ball
1-2: Ball
2-2: Ball
3-2: SINGLE (Groundball, 6D)
Kyle Vandenbrink to third
Kyle Vandenbrink scores
Batting: RHB Burt Babbs 0-0: Ball
Jim Halpert is caught stealing 2nd base
Top of the 8th over - 1 run(s), 1 hit(s), 1 error(s), 0 left on base; Mancelona 3 - Delaware 2
BOTTOM OF THE 8TH
Delaware 1787 BC batting - Pitching for Mancelona Torch : RHP Tomás Vargas
Now at 3B: Bob Mager
Batting: RHB Toyozo Yamasaki 0-0: Called Strike
0-1: Foul Ball, location: 2F
0-2: Ball
1-2: Strikes out swinging
Batting: RHB David Wooderson 0-0: Foul Ball, location: 2F
0-1: Ball
1-1: Ball
2-1: Swinging Strike
2-2: Foul Ball, location: 2F
2-2: Strikes out looking
Batting: RHB José Rodríguez 0-0: Ball
1-0: SINGLE (Line Drive, 4M)
Pitching: LHP Tyler Lund
Pinch Hitting: RHB Eddie McDoom 0-0: Ball
1-0: Ball
2-0: Called Strike
2-1: Foul Ball, location: 2F
2-2: Foul Ball, location: 2F
2-2: Ball
3-2: Fly out, F5 (Popup, 5D)
Bottom of the 8th over - 0 run(s), 1 hit(s), 0 error(s), 1 left on base; Mancelona 3 - Delaware 2
TOP OF THE 9TH
Mancelona Torch batting - Pitching for Delaware 1787 BC : RHP Rudy Byrd
Pitching: LHP Doppo Omikado
Now in CF: Norberto Rivera
Batting: RHB Burt Babbs 0-0: Foul Ball, location: 2F
0-1: Foul Ball, location: 2F
0-2: Strikes out swinging
Batting: RHB José Córdova 0-0: Called Strike
0-1: SINGLE (Groundball, 4MD)
Pinch Hitting: RHB Félix Martínez 0-0: Ball
José Córdova is caught stealing 2nd base
1-0: Ball
2-0: Foul Ball, location: 2F
2-1: Ground out 6-3 (Groundball, 56)
Top of the 9th over - 0 run(s), 1 hit(s), 0 error(s), 0 left on base; Mancelona 3 - Delaware 2
BOTTOM OF THE 9TH
Delaware 1787 BC batting - Pitching for Mancelona Torch : LHP Tyler Lund
Pitching: RHP Juan Reyes
Now at 1B: Félix Martínez
Batting: RHB Phil Moore 0-0: Ball
1-0: Called Strike
1-1: Swinging Strike
1-2: Foul Ball, location: 2F
1-2: Ball
2-2: Strikes out swinging
Pinch Hitting: LHB Chase Popoff 0-0: Ball
1-0: TRIPLE (Flyball, 89XD)
Batting: RHB John Willoughby 0-0: Swinging Strike
0-1: Fly out, F7 (Flyball, 78S)
Batting: RHB Dam Son 0-0: Foul Ball, location: 2F
0-1: Foul Ball, location: 2F
0-2: Fly out, F9 (Flyball, 9S)
Bottom of the 9th over - 0 run(s), 1 hit(s), 0 error(s), 1 left on base; Mancelona 3 - Delaware 2
Saturday, May 26th, 2018 - OOTP Baseball 17.12 Build 75